 Dungeon Crawl Stone Soup version 0.23-a0-539-g3f6f39f (webtiles) character file.

76585 CanOfBees the Warrior (level 15, -11/170 HPs)
             Began as an Ogre Hunter on Dec 7, 2018.
             Was a High Priest of Okawaru.
             Mangled by a two-headed ogre
             ... wielding a +0 giant club
              (13 damage)
             ... on level 1 of the Orcish Mines on Dec 8, 2018.
             The game lasted 01:33:32 (35684 turns).

CanOfBees the Warrior (Ogre Hunter)                Turns: 35684, Time: 01:33:32

Health: -11/170    AC:  8    Str: 24    XL:     15   Next: 54%
Magic:  21/21      EV: 10    Int: 12    God:    Okawaru [*****.]
Gold:   1402       SH: 17    Dex: 10    Spells: 18/20 levels left

rFire    . . .     SeeInvis +   a - +3 trident (freeze)
rCold    . . .     Gourm    .   n - +2 large shield {reflect}
rNeg     . . .     Faith    .   i - +0 troll leather armour
rPois    .         Spirit   .   (helmet restricted)
rElec    .         Reflect  +   l - +2 cloak
rCorr    .         Harm     .   (gloves unavailable)
MR       +....                  (boots unavailable)
Stlth    +.........             (no amulet)
HPRegen  0.78/turn              O - ring of see invisible
MPRegen  0.17/turn              A - +5 ring of slaying

@: slowed, studying Necromancy, very slow
A: large, unfitting armour, tough skin 1
a: Heroism, Finesse, Renounce Religion


You were on level 1 of the Orcish Mines.
You worshipped Okawaru.
Okawaru was extremely pleased with you.
You were not hungry.

You visited 4 branches of the dungeon, and saw 23 of its levels.
You also visited: Ossuary, Bailey and Volcano.

You collected 1794 gold pieces.
You spent 392 gold pieces at shops.

Inventory:

Hand Weapons
 a - a +3 trident of freezing (weapon)
 b - a +3 blowgun
 w - the +8 lance "Wyrmbane" {slay drac, rPois rF+ rC+ AC+3}
   (Okawaru gifted it to you on level 6 of the Lair of Beasts)

   It affects your AC (+3).
   It protects you from fire.
   It protects you from cold.
   It protects you from poison.
Missiles
 c - 26 large rocks
 d - 3 javelins
 e - 5 poisoned tomahawks
 o - 34 tomahawks of returning
 q - 103 poisoned needles
 s - a throwing net
 N - 7 needles of paralysis
 P - 14 javelins of penetration
 T - 28 tomahawks
 W - 10 poisoned javelins (quivered)
 Z - 3 curare-tipped needles
Armour
 i - a +0 troll leather armour (worn)
 l - a +2 cloak (worn)
 n - a +2 large shield of reflection (worn)
Jewellery
 m - a +4 ring of evasion
 A - a +5 ring of slaying (right hand)
 O - a ring of see invisible (left hand)
Wands
 j - a wand of enslavement (5)
 u - a wand of iceblast (5)
 z - a wand of polymorph (41)
 C - a wand of paralysis (5)
 F - a wand of flame (8)
 H - a wand of acid (11)
 M - a wand of digging (10)
Scrolls
 g - 8 scrolls of teleportation
 k - 14 scrolls of remove curse
 v - a scroll of silence
 G - 4 scrolls of identify
 I - a scroll of noise
 K - a scroll of vulnerability
 Y - a scroll of immolation
Potions
 p - a potion of haste
 r - 8 potions of flight
 x - 2 potions of brilliance
 D - a potion of cancellation
 E - 3 potions of agility
 J - 2 potions of lignification
 Q - 2 potions of resistance
 R - 2 potions of berserk rage
Books
 h - a manual of Necromancy
Miscellaneous
 U - a lamp of fire (inert)
 V - a lightning rod (2/4)
 X - a phantom mirror
Comestibles
 f - 34 rations
 B - 6 chunks of flesh


   Skills:
 + Level 16.1 Fighting
 + Level 12.5 Polearms
 - Level 10.5 Throwing
 - Level 4.0 Armour
 - Level 10.0 Dodging
 - Level 0.6 Stealth
 - Level 5.0 Shields
 - Level 3.0 Spellcasting
 + Level 11.4 Necromancy
 - Level 3.0 Translocations
 - Level 8.0 Invocations
 - Level 3.0 Evocations


You had 18 spell levels left.
You knew the following spells:

 Your Spells              Type           Power        Failure   Level  Hunger
a - Apportation           Tloc           #.....       56%         1    #......
b - Animate Skeleton      Necr           N/A          2%          1    #......

Your spell library contained the following spells:

 Spells                   Type           Power        Failure   Level  Hunger
 Confusing Touch          Hex            #.....       94%         1    #......
 Corona                   Hex            #......      94%         1    #......
 Summon Small Mammal      Summ           #...         94%         1    #......
 Ensorcelled Hibernation  Hex/Ice        #.....       98%         2    ###....
 Poisonous Vapours        Pois/Air       #.....       98%         2    ###....
 Confuse                  Hex            #.......     100%        3    ###....
 Conjure Flame            Conj/Fire      #.......     100%        3    ###....
 Dazzling Spray           Conj/Hex       #.....       100%        3    ###....
 Mephitic Cloud           Conj/Pois/Air  #.......     100%        3    ###....
 Tukima's Dance           Hex            #.......     100%        3    ###....
 Freezing Cloud           Conj/Ice/Air   #.........   100%        6    #######
 Ring of Flames           Chrm/Fire      #.........   100%        7    #######


Dungeon Overview and Level Annotations

Branches:
Dungeon (15/15) Temple (1/1) D:4 Lair (6/6) D:11 Shoals (0/4) Lair:3 Spider (0/4) Lair:3 Slime (0/5) Lair:6 Orc (1/2) D:12 Vaults (0/5) D:12 D:13 Depths (0/5) D:15

Altars:
Elyvilon
Fedhas
Gozag
Makhleb
Nemelex Xobeh
Okawaru
Qazlal
Sif Muna
Uskayaw
Vehumet
Wu Jian
Xom
Yredelemnul
The Shining One
Jiyva

Shops:
D:5 (

Annotations:
D:7 1 runed door
Lair:6 exclusion: oklob plant


Innate Abilities, Weirdness & Mutations

You are too large for most types of armour.
You have tough skin. (AC +1)


Message History

You block the ogre's attack.
The two-headed ogre hits you with a +0 giant club!!
* * * LOW HITPOINT WARNING * * *
The two-headed ogre hits you but does no damage.
You puncture the two-headed ogre! You freeze the two-headed ogre.
The two-headed ogre is severely wounded.
You block the two-headed ogre's attack. x2; The ogre barely misses you.
As you read the scroll of fear, it crumbles to dust.
You assume a fearsome visage.
The ogre looks frightened!
The two-headed ogre resists with some effort.
The two-headed ogre hits you with a +0 giant club!
* * * LOW HITPOINT WARNING * * *
You block the two-headed ogre's attack. The two-headed ogre barely misses you.
The two-headed ogre hits you with a +0 dire flail!
* * * LOW HITPOINT WARNING * * *
The two-headed ogre hits you with a +0 giant club!
* * * LOW HITPOINT WARNING * * *
You block the two-headed ogre's attack. x2
The two-headed ogre hits you with a +0 dire flail!
You die...

##....# #.....#
##.....# #......#
##......# ####
#.......# ##.#.##
#.....<####.....#
###......#.##.....
####.@......).....#
#.))O#.......)....##
#O###..........#.#.###
..
#..........#รท......
.(.
#.................. ..
#........#........# #
#........##.###.)#_
#......P.##)##....#
##........#.)).#.^..


You could see a two-headed ogre and an ogre (fleeing).

Vanquished Creatures
  A fire giant (D:15)
  A red draconian (Volcano)
  An ogre mage (Orc:1)
  Fannar (Lair:1)
  An anaconda (Lair:4)
  6 hydras
  A catoblepas (D:14)
  A merfolk avatar (Lair:6)
  2 death knights
  4 centaur warriors
  7 two-headed ogres
  2 tengu warriors (D:15)
  2 skeletal warriors (D:11)
  A glowing orange brain (Lair:3)
  3 unseen horrors
  3 orc knights
  A lindwurm (D:13)
  Pikel (D:7)
  A harpy (Lair:6)
  2 ugly things
  A wizard (D:12)
  A cyclops (Orc:1)
  2 manticores
  6 elephants
  5 black mambas
  3 gargoyles
  15 spiny frogs
  2 centaur skeletons
  3 rime drakes (Lair:6)
  A freezing wraith (D:11)
  An efreet (D:14)
  7 komodo dragons
  2 tengu conjurers (D:15)
  A yaktaur (Volcano)
  3 polar bears
  2 wind drakes
  8 blink frogs
  Grinder (D:4)
  10 hippogriffs
  5 slime creatures
  A meliai zombie (D:15)
  4 water elementals (D:15)
  13 humans
  A human (shapeshifter) (D:14)
  21 yaks
  3 fire bats (Volcano)
  2 wraiths
  A basilisk (Lair:4)
  Grum (D:8)
  A hungry ghost (D:13)
  2 wargs (D:12)
  18 vampire mosquitoes
  Edmund (D:5)
  3 acid dragons
  7 porcupines
  25 water moccasins
  17 orc warriors
  Duvessa (D:7)
  4 black bears
  An ice beast (D:9)
  2 phantoms
  A slave (D:7)
  17 wolves
  15 ogres
  5 sky beasts
  A necrophage (D:11)
  16 centaurs
  13 crocodiles
  5 big kobolds
  2 wyvern zombies
  Dowan (D:7)
  18 bullfrogs
  2 scorpions
  12 wights
  8 killer bees
  8 electric eels
  3 howler monkeys
  9 crimson imps
  A lava snake (Volcano)
  4 centaur zombies
  4 hounds
  A quasit (D:6)
  8 orc priests
  A human zombie (Ossuary)
  10 jellies
  16 orc wizards
  A bullfrog skeleton (D:8)
  6 iguanas
  10 worker ants
  A big kobold zombie (Ossuary)
  2 hound zombies
  2 hound skeletons
  2 mummies (Ossuary)
  A worker ant zombie (D:8)
  14 adders
  3 gnolls (D:4)
  5 shadow imps
  2 oozes
  An adder zombie (D:7)
  A worm (D:3)
  3 dart slugs
  6 leopard geckos
  44 orcs
  10 ball pythons
  6 bats
  8 giant cockroaches
  10 goblins
  6 hobgoblins
  4 jackals
  4 quokkas
  5 frilled lizards
  5 gnoll zombies
  4 goblin zombies (Ossuary)
  34 kobolds
  3 orc zombies (Ossuary)
  10 rats
  A plant (Lair:1)
645 creatures vanquished.

Vanquished Creatures (collateral kills)
  A catoblepas (Lair:4)
  A harpy (Lair:6)
  3 elephants (Lair:6)
  2 black mambas (Lair:4)
  A spiny frog (Lair:4)
  A troll (D:13)
  A hippogriff (Lair:6)
  A spriggan (Lair:3)
  3 humans
  A soldier ant (D:13)
  9 water moccasins
  2 porcupines (Lair:4)
  An orc warrior (D:13)
  A wolf (Lair:3)
  2 crocodiles
  A bullfrog (D:13)
  A killer bee (D:13)
  2 orc priests (D:13)
  An orc wizard (D:6)
  A bush (Lair:4)
  2 fungi
  2 plants
40 creatures vanquished.

Vanquished Creatures (others)
  A bullfrog (D:6)
  A quokka (D:2)
  A kobold (D:14)
  A rat (D:2)
  10 fungi
  9 plants
23 creatures vanquished.

Grand Total: 708 creatures vanquished

Notes
Turn   | Place    | Note
-------+----------+-------------------------------------------
     0 | D:1      | CanOfBees the Ogre Hunter began the quest for the Orb.
     0 | D:1      | Reached XP level 1. HP: 22/22 MP: 1/1
   374 | D:1      | Reached skill level 3 in Fighting
   387 | D:1      | Reached XP level 2. HP: 28/31 MP: 2/2
   715 | D:1      | Reached XP level 3. HP: 36/37 MP: 3/3
  1495 | D:2      | Reached XP level 4. HP: 48/48 MP: 4/4
  1667 | D:2      | Reached skill level 4 in Fighting
  1678 | D:2      | Found a white marble altar of Elyvilon.
  2425 | D:3      | Reached XP level 5. HP: 55/55 MP: 5/5
  2551 | D:3      | Reached skill level 5 in Throwing
  2743 | D:3      | Found a blossoming altar of Fedhas.
  2898 | D:3      | Reached skill level 1 in Polearms
  3202 | D:3      | Found a deep blue altar of Sif Muna.
  3495 | D:4      | Noticed a phantom
  3511 | D:4      | Killed a phantom
  3511 | D:4      | Reached skill level 5 in Fighting
  3511 | D:4      | Reached XP level 6. HP: 66/66 MP: 6/6
  3525 | D:4      | Noticed Grinder
  3532 | D:4      | Paralysed by Grinder for 3 turns
  3536 | D:4      | Paralysed by Grinder for 6 turns
  3545 | D:4      | Killed Grinder
  3545 | D:4      | Reached XP level 7. HP: 43/74 MP: 7/7
  3865 | D:4      | Noticed a hippogriff
  3871 | D:4      | Killed a hippogriff
  3871 | D:4      | Reached skill level 6 in Fighting
  4023 | D:4      | Identified the +0 leather armour of the Learner {rCorr
                  | Int+4}
  4331 | D:4      | Found a staircase to the Ecumenical Temple.
  4338 | D:4      | Reached XP level 8. HP: 32/84 MP: 8/8
  4342 | Temple   | Entered the Ecumenical Temple
  4566 | Temple   | Became a worshipper of Warmaster Okawaru
  4699 | D:4      | Found an opulent altar of Gozag.
  4740 | D:5      | Entered Level 5 of the Dungeon
  4929 | D:5      | Found a sand-covered staircase.
  4938 | Ossuary  | Entered an ossuary
  4955 | Ossuary  | Reached skill level 1 in Invocations
  5243 | D:5      | Found a radiant altar of Vehumet.
  5287 | D:5      | Found Xetaill's Antique Weapon Boutique.
  5295 | D:5      | Bought a slimy glaive for 322 gold pieces
  5297 | D:5      | Identified the +11 glaive of Punishment {flame, rElec rC+
                  | Dex-3} (You bought it in a shop on level 5 of the Dungeon)
  5351 | D:5      | Noticed Edmund
  5358 | D:5      | Killed Edmund
  5358 | D:5      | Reached skill level 7 in Fighting
  5790 | D:5      | Found a burning altar of Makhleb.
  5791 | D:5      | Found a shimmering altar of Xom.
  5852 | D:5      | Reached * piety under Okawaru
  5852 | D:5      | Reached skill level 5 in Dodging
  6269 | D:6      | Found an ornate altar of the Wu Jian Council.
  6282 | D:6      | Reached XP level 9. HP: 94/94 MP: 11/11
  6767 | D:6      | Found a hide-covered altar of Uskayaw.
  6888 | D:6      | Reached skill level 8 in Fighting
  7132 | D:6      | Found a basalt altar of Yredelemnul.
  7418 | D:6      | Reached skill level 5 in Polearms
  7475 | D:7      | Reached ** piety under Okawaru
  7524 | D:7      | Noticed a two-headed ogre
  7530 | D:7      | Killed a two-headed ogre
  7660 | D:7      | Reached *** piety under Okawaru
  7677 | D:7      | Reached skill level 9 in Fighting
  7694 | D:7      | Reached XP level 10. HP: 106/107 MP: 13/13
  7765 | D:7      | Reached skill level 1 in Armour
  7800 | D:7      | Reached skill level 5 in Invocations
  7884 | D:7      | Noticed Duvessa
  7895 | D:7      | Killed Duvessa
  8104 | D:7      | Noticed Dowan
  8108 | D:7      | Killed Dowan
  8145 | D:7      | Reached **** piety under Okawaru
  8149 | D:7      | Noticed Pikel
  8151 | D:7      | Killed Pikel
  8505 | D:7      | Reached skill level 10 in Fighting
  8651 | D:7      | Found a runed door.
  9102 | D:8      | Noticed a two-headed ogre
  9110 | D:8      | Killed a two-headed ogre
  9141 | D:8      | Noticed Grum
  9143 | D:8      | Noticed a two-headed ogre
  9186 | D:7      | Killed a two-headed ogre
  9186 | D:7      | Reached ***** piety under Okawaru
  9186 | D:7      | Received a gift from Okawaru
  9186 | D:7      | Reached XP level 11. HP: 40/119 MP: 15/15
  9637 | D:8      | Noticed Maurice
  9648 | D:8      | Noticed Maurice
  9648 | D:8      | Maurice changed into Maurice the bullfrog
  9652 | D:8      | Killed Maurice the bullfrog
  9716 | D:5      | Bought a blowgun for 70 gold pieces
 10058 | D:8      | Killed Grum
 10058 | D:8      | Received a gift from Okawaru
 10975 | D:8      | Received a gift from Okawaru
 11178 | D:9      | Found a stormy altar of Qazlal.
 11470 | D:9      | Found a flagged portal.
 11479 | Bailey   | Entered a bailey
 11489 | Bailey   | Noticed an orc knight
 11590 | Bailey   | Noticed an orc knight
 11870 | Bailey   | Killed an orc knight
 11870 | Bailey   | Received a gift from Okawaru
 11870 | Bailey   | Reached skill level 11 in Fighting
 11959 | Bailey   | Killed an orc knight
 12426 | D:9      | Received a gift from Okawaru
 12677 | D:10     | Entered Level 10 of the Dungeon
 12744 | D:10     | Learned a level 1 spell: Apportation
 13189 | D:10     | Received a gift from Okawaru
 13264 | D:10     | Got a warped halberd {god gift}
 13298 | D:10     | Identified the +5 halberd of the Shrike {chop, rF++ Int-2
                  | Dex+7} (Okawaru gifted it to you on level 10 of the
                  | Dungeon)
 13891 | D:11     | Noticed a brown ugly thing
 13903 | D:11     | Killed a brown ugly thing
 13903 | D:11     | Reached skill level 1 in Spellcasting
 14159 | D:11     | Found a staircase to the Lair.
 14930 | D:11     | Reached skill level 1 in Translocations
 15159 | Lair:1   | Entered Level 1 of the Lair of Beasts
 15288 | Lair:1   | Noticed Fannar
 15296 | Lair:1   | Killed Fannar
 15296 | Lair:1   | Reached XP level 12. HP: 116/129 MP: 16/18
 15785 | Lair:1   | Found a dark tunnel.
 15798 | Volcano  | Entered a volcano
 15922 | Volcano  | Reached skill level 10 in Throwing
 15965 | Volcano  | Noticed a red draconian
 15980 | Volcano  | Killed a red draconian
 15984 | Volcano  | Found a bloodstained altar of Trog.
 16195 | Volcano  | Noticed a centaur warrior
 16202 | Volcano  | Killed a centaur warrior
 16216 | Volcano  | Noticed a soul eater
 16216 | Volcano  | Noticed a soul eater
 16240 | Volcano  | HP: 1/131 [soul eater/drain life[an obsidian statue] (19)]
 17239 | Lair:2   | Reached ****** piety under Okawaru
 17282 | Lair:2   | Received a gift from Okawaru
 17479 | Lair:2   | Reached skill level 12 in Fighting
 18097 | Lair:3   | Learned a level 1 spell: Animate Skeleton
 18264 | Lair:3   | Reached skill level 1 in Necromancy
 18390 | Lair:3   | Found a hole to the Spider Nest.
 18435 | Lair:3   | Reached skill level 1 in Evocations
 18611 | Lair:3   | Found a staircase to the Shoals.
 18652 | Lair:3   | Noticed a four-headed hydra
 18667 | Lair:3   | Killed a two-headed hydra
 18667 | Lair:3   | Reached XP level 13. HP: 56/141 MP: 19/19
 19067 | Lair:3   | Received a gift from Okawaru
 19524 | Lair:4   | Reached skill level 13 in Fighting
 19849 | Lair:4   | Received a gift from Okawaru
 20223 | Lair:4   | Reached skill level 10 in Polearms
 20279 | Lair:4   | Reached skill level 5 in Necromancy
 21668 | Lair:5   | Received a gift from Okawaru
 22585 | Lair:6   | Entered Level 6 of the Lair of Beasts
 22653 | Lair:6   | Found a sparkling altar of Nemelex Xobeh.
 24497 | Lair:6   | Reached skill level 14 in Fighting
 25084 | Lair:6   | Found a viscous altar of Jiyva.
 25084 | Lair:6   | Found a staircase to the Slime Pits.
 25228 | Lair:6   | Reached XP level 14. HP: 156/156 MP: 20/20
 25435 | Lair:6   | Received a gift from Okawaru
 25436 | Lair:6   | Found the +8 lance "Wyrmbane" {slay drac, rPois rF+ rC+
                  | AC+3}
 27656 | D:11     | Found a staircase to the Lair.
 28231 | D:11     | Reached skill level 1 in Shields
 28619 | D:12     | Found a staircase to the Orcish Mines.
 29223 | D:12     | Received a gift from Okawaru
 29725 | D:13     | Found a gate to the Vaults.
 29725 | D:13     | Noticed Nessos
 29989 | D:12     | Reached skill level 15 in Fighting
 30560 | D:13     | HP: 2/159 [poisoned by Nessos]
 31050 | D:13     | Noticed Nessos
 31050 | D:13     | Nessos changed into Nessos the lindwurm
 31054 | D:13     | Killed Nessos the lindwurm
 31582 | D:13     | Reached skill level 10 in Necromancy
 32010 | D:14     | Reached XP level 15. HP: 160/167 MP: 19/21
 32360 | D:14     | Reached skill level 10 in Dodging
 32872 | D:14     | Identified a scroll of acquirement
 32880 | D:14     | Got blackened fire dragon scales
 32882 | D:14     | Identified the +1 fire dragon scales of Tem Ycob {-Tele
                  | rPois rF++ rC- Regen+ Str+8} (You acquired it on level 14
                  | of the Dungeon)
 33483 | D:15     | Entered Level 15 of the Dungeon
 34069 | D:15     | Received a gift from Okawaru
 34442 | D:15     | Found a staircase to the Depths.
 34442 | D:15     | Noticed a fire giant
 34451 | D:15     | Killed a fire giant
 35294 | Orc:1    | Entered Level 1 of the Orcish Mines
 35310 | D:12     | Reached skill level 5 in Shields
 35313 | D:12     | Reached skill level 16 in Fighting
 35330 | Orc:1    | Received a gift from Okawaru
 35351 | Orc:1    | Found an iron altar of Okawaru.
 35667 | Orc:1    | Received a gift from Okawaru
 35671 | Orc:1    | Paralysed by an ogre mage for 5 turns
 35684 | Orc:1    | HP: 2/170 [two-headed ogre/+0 giant club (12)]
 35684 | Orc:1    | Mangled by a two-headed ogre

Vault maps used:
D:1:      saegor_arrival_under_anarchy, minmay_unequal
D:2:      elyvilon_altar_4, first_ration, minmay_snake_closets
D:3:      lemuel_blue_sif_altar, grunt_ministairs_4, fedhas_altar_fruit_tree
D:4:      grunt_gozag_breadcrumbs, minmay_temple_entry_proselytizer,
          uniq_grinder
D:5:      grunt_temple_overflow_champion_of_chaos, vehumet_altar_wand_db,
          nicolae_ossuary_entry_ruins, serial_shops, shop_statue, uniq_edmund
D:6:      lemuel_coloured_pillars_altar, lemuel_zombie_altar_yredelemnul,
          lemuel_round_altar
D:7:      minmay_recursive_quarters, minivault_23, uniq_crazy_yiuf_cottage,
          uniq_duvessa, uniq_pikel
D:8:      uniq_grum, uniq_maurice
D:9:      lemuel_round_altar, enter_bailey_2, grunt_ogre_cave
D:10:     lemuel_ice_spiral_2, minmay_starry_boxes
D:11:     lair_entry_dummy, gauntlet_entry_generic
D:12:     orc_0_dummy, kennysheep_generic_room_15
D:13:     david_vaults_3
D:14:     grunt_ministairs_5
D:15:     grunt_enter_depths_giant_problem, minivault_4, spider_trap
Temple:   hc_temple_tempest_star
Lair:1:   nicolae_volcano_entry_hallway, uniq_fannar
Lair:3:   elwin_shoals_entry_rooms, spider_nest_entry_rubble, grunt_megastairs_3
Lair:4:   beast_lair_carwin_large_4, hangedman_lair_unloving_vines,
          grunt_forest_stairs_clearing
Lair:5:   grunt_megastairs_5
Lair:6:   gammafunk_lair_ancient_temple, dpeg_slime_entry_enclosed_altar,
          lemuel_oklob_altar, infiniplex_staircase_pool
Orc:1:    giant_chief_lemuel, okawaru_metal_pillars_1_2
Ossuary:  minmay_ossuary_gauntlet
Bailey:   bailey_axe_4, bailey
Volcano:  volcano_grotto

Skill      XL: |  1  2  3  4  5  6  7  8  9 10 11 12 13 14 15 |
---------------+----------------------------------------------+-----
Fighting       | 3 4 5 6 7 9 10 11 12 14 15 16 | 16.1
Dodging        | 2 3 4 5 6 8 9 10 | 10.0
Throwing       | 5 6 7 8 9 10 | 10.5
Polearms       | 1 2 3 4 5 7 8 9 10 11 12 | 12.5
Invocations    | 3 4 6 8 |  8.0
Armour         | 3 4 |  4.0
Spellcasting   | 1 3 |  3.0
Translocations | 1 3 |  3.0
Necromancy     | 2 7 10 11 | 11.4
Evocations     | 1 3 |  3.0
Shields        | 3 5 |  5.0
Stealth        | |  0.6

Action                   |  1- 3 |  4- 6 |  7- 9 | 10-12 | 13-15 || total
-------------------------+-------+-------+-------+-------+-------++-------
Melee: Short sword       |    89 |    45 |       |       |       ||   134
       Spear             |       |    41 |       |       |       ||    41
       Glaive            |       |       |   103 |   249 |   196 ||   548
       Halberd           |       |       |       |    58 |    12 ||    70
       Trident           |       |       |       |       |   369 ||   369
 Fire: Blowgun           |       |       |       |    18 |     1 ||    19
Throw: Stone             |    40 |     1 |     8 |    12 |       ||    61
       Large rock        |     6 |    10 |    18 |    26 |   168 ||   228
       Javelin           |     9 |    39 |    33 |    13 |    70 ||   164
       Tomahawk          |       |    21 |    57 |   197 |   121 ||   396
       Throwing net      |       |       |     5 |     3 |     4 ||    12
 Cast: Animate Skeleton  |       |       |       |     2 |    79 ||    81
Invok: Heroism           |       |       |       |     4 |     6 ||    10
       Finesse           |       |       |       |     2 |     6 ||     8
Evoke: Wand              |       |       |     8 |    19 |    46 ||    73
       Lightning rod     |       |       |       |       |     3 ||     3
       Lamp of fire      |       |       |       |       |     1 ||     1
       Sack of spiders   |       |       |       |       |     1 ||     1
  Use: Potion            |       |     1 |       |     7 |     9 ||    17
       Scroll            |       |       |     8 |    15 |    23 ||    46
 Stab: Sleeping          |       |     1 |       |       |     1 ||     2
       Distracted        |       |       |       |       |     3 ||     3
  Eat: Chunk             |     2 |     6 |    13 |    21 |    39 ||    81
       Ration            |       |       |       |     4 |     5 ||     9
Armor: Robe              |    32 |    30 |    39 |    78 |    96 ||   275
       Troll leather arm |       |       |       |       |    15 ||    15
Dodge: Dodged            |    86 |    87 |   107 |   381 |   365 ||  1026
Block: Large shield      |       |       |       |       |   410 ||   410
       Reflection        |       |       |       |       |    33 ||    33

Table legend:
 A = Non-vault XP
 B = Vault XP
 C = Vault XP percentage of total XP
 D = Non-vault monster count
 E = Vault monster count
 F = Vault count percentage of total count
                 A         B        C        D         E       F
            +---------+---------+-------+---------+---------+-------
      Total |   73152 |   36256 |  33.1 |     494 |     185 |  27.2
            +---------+---------+-------+---------+---------+-------
        D:1 |      43 |       4 |   8.5 |      23 |       1 |   4.2
        D:2 |      63 |      50 |  44.2 |      21 |      12 |  36.4
        D:3 |     129 |       3 |   2.3 |      19 |       2 |   9.5
        D:4 |     601 |     311 |  34.1 |      14 |       2 |  12.5
        D:5 |     387 |     221 |  36.3 |      11 |       3 |  21.4
        D:6 |    1081 |       3 |   0.3 |      23 |       2 |   8.0
        D:7 |    3825 |    1547 |  28.8 |      28 |       9 |  24.3
        D:8 |    2444 |     755 |  23.6 |      31 |       6 |  16.2
        D:9 |     653 |      46 |   6.6 |      16 |       1 |   5.9
       D:10 |     574 |     677 |  54.1 |      11 |       5 |  31.2
       D:11 |    4336 |       0 |   0.0 |      25 |       0 |   0.0
       D:12 |    7241 |    2848 |  28.2 |      34 |      10 |  22.7
       D:13 |    8500 |    2868 |  25.2 |      43 |      11 |  20.4
       D:14 |    9696 |     261 |   2.6 |      46 |       6 |  11.5
       D:15 |    7174 |    1800 |  20.1 |      32 |       1 |   3.0
     Lair:1 |    2343 |    1028 |  30.5 |      11 |       1 |   8.3
     Lair:2 |    3614 |       0 |   0.0 |      20 |       0 |   0.0
     Lair:3 |    5687 |    2061 |  26.6 |      21 |       9 |  30.0
     Lair:4 |    3662 |    3786 |  50.8 |      12 |      16 |  57.1
     Lair:5 |    3888 |    2280 |  37.0 |      16 |       8 |  33.3
     Lair:6 |    5672 |    7240 |  56.1 |      26 |      23 |  46.9
      Orc:1 |    1539 |    2676 |  63.5 |      11 |       5 |  31.2
    Ossuary |       0 |     200 | 100.0 |       0 |      16 | 100.0
     Bailey |       0 |    2200 | 100.0 |       0 |      27 | 100.0
    Volcano |       0 |    3391 | 100.0 |       0 |       9 | 100.0
            +---------+---------+-------+---------+---------+-------
